 Dungeon Crawl Stone Soup version 0.19.5 (webtiles) character file.

14 straycat the Magician (level 2, -1/20 HPs)
             Began as a Vampire Wanderer on May 13, 2017.
             Slain by a kobold
             ... wielding a +0 dagger
              (5 damage)
             ... on level 1 of the Dungeon.
             The game lasted 00:10:10 (979 turns).

straycat the Magician (Vampire Wanderer)             Turns: 979, Time: 00:10:10

Health: -1/20      AC:  2    Str: 10    XL:     2   Next: 27%
Magic:  8/8        EV: 11    Int: 17    God:
Gold:   106        SH:  0    Dex: 11    Spells: 1 memorised, 10 levels left

rFire  . . .     SeeInvis +     (no weapon)
rCold  . . .     Gourm    .     d - +0 robe
rNeg   + . .     Faith    .     (no shield)
rPois  .         Spirit   .     (no helmet)
rElec  .         Reflect  .     (no cloak)
rCorr  .         Harm     .     (no gloves)
MR     .....                    (no boots)
Stlth  ++........               (no amulet)
                                (no ring)
                                (no ring)

@: no status effects
A: fangs 3, see invisible, unbreathing
a: no special abilities


You were on level 1 of the Dungeon.
You were not thirsty.

You visited 1 branch of the dungeon, and saw 1 of its levels.

You collected 106 gold pieces.

Inventory:

Hand Weapons
 e - a +0 dagger
 g - a +0 hunting sling
Missiles
 c - 26 arrows
Armour
 d - a +0 robe (worn)
Potions
 f - 7 potions of blood
Books
 a - a book of Minor Magic

   Spells                             Type                      Level
   a - Magic Dart                     Conjuration                  1
   b - Blink                          Translocation                2
   c - Call Imp                       Summoning                    2
   d - Repel Missiles                 Charms/Air                   2
   e - Slow                           Hexes                        2
   f - Conjure Flame                  Conjuration/Fire             3
   g - Mephitic Cloud                 Conjuration/Poison/Air       3
 b - the Volume of Poisoning

   Spells                             Type                      Level
   a - Sting                          Conjuration/Poison           1
   b - Spider Form                    Transmutation/Poison         3


   Skills:
 * Level 0.8 Fighting
 * Level 1.0 Dodging
 + Level 3.0 Stealth
 * Level 0.7 Unarmed Combat
 * Level 5.0 Spellcasting
   Level 2.1 Transmutations
   Level 1.0 Fire Magic


You had 10 spell levels left.
You knew the following spells:

 Your Spells              Type           Power        Failure   Level  Hunger
a - Sting                 Conj/Pois      #...         17%         1    None


Dungeon Overview and Level Annotations

Branches:
Dungeon (1/15)

Altars:


Innate Abilities, Weirdness & Mutations

You have razor-sharp teeth.
You have supernaturally acute eyesight. (SInv)
You can survive without breathing.


Message History

Found 11 gold pieces.
You now have 106 gold pieces (gained 11).
There is a stone staircase leading down here.
A kobold comes into view. It is wielding a dagger.
There is an open door here.
The kobold throws a stone.
The stone closely misses you. The kobold hits you but does no damage.
You closely miss the kobold. The kobold hits you with a dagger.
You closely miss the kobold. The kobold hits you with a dagger.
You completely miss the kobold. The kobold hits you but does no damage.
You hit the kobold but do no damage. The kobold hits you with a dagger.
You barely miss the kobold. You punch the kobold, but do no damage.
The kobold closely misses you.
You hit the kobold but do no damage. The kobold closely misses you.
You closely miss the kobold. The kobold hits you with a dagger.
You closely miss the kobold. The kobold hits you with a dagger.
You closely miss the kobold. The kobold hits you with a dagger.
* * * LOW HITPOINT WARNING * * *
You barely miss the kobold. The kobold hits you with a dagger.
You die...

.....#
##''###++##.#.####.##.##
####.## #.........#.#.#
#.##... #..# ##............#
#....## ##.#
#.####.#############.# #.##
#.# #.#.........# #.# #..#
#.####(#...#####.#.... ##.##
#........[.......#.####
####..###............#####.#
#.......#.....@............#
#.......#.....K.....##....##
#.......#...........##....#
#.......#...........##....#
#.......#...........##....#
#.......#...........##....#
#.......#...........##....#
#.......#...........##....#
#................
##....#####


You could see a kobold.

Vanquished Creatures
  2 giant cockroaches (D:1)
  2 goblins (D:1)
  3 jackals (D:1)
  A kobold (D:1)
  A ball python (D:1)
  A bat (D:1)
  A frilled lizard (D:1)
  A rat (D:1)
12 creatures vanquished.

Notes
Turn   | Place    | Note
-------+----------+-------------------------------------------
     0 | D:1      | straycat the Vampire Wanderer began the quest for the Orb.
     0 | D:1      | straycat set off with: a book of Minor Magic, the Volume of Poisoning, a potion of lignification, a +0 robe, a +0 dagger, a potion of blood
     0 | D:1      | Reached XP level 1. HP: 13/13 MP: 6/6
   276 | D:1      | Identified the Volume of Poisoning
   283 | D:1      | Learned a level 1 spell: Sting
   378 | D:1      | Reached XP level 2. HP: 8/20 MP: 4/8
   647 | D:1      | Reached skill level 1 in Dodging
   979 | D:1      | Slain by a kobold

Skill      XL: |  1  2 |
---------------+-------+-----
Dodging        | 1 |  1.0
Fighting       | |  0.8
Stealth        | |  3.0
Unarmed Combat | |  0.7
Spellcasting   | |  5.0
Transmutations | |  2.1
Fire Magic     | |  1.0

Action                   || total
-------------------------++-------
Melee: Unarmed           ||    42
       Bite              ||     2
       Punch             ||     1
 Cast: Sting             ||    20
  Use: Potion            ||     1
Armor: Robe              ||    10
       Skin              ||     3
Dodge: Dodged            ||    26
